 Dungeon Crawl Stone Soup version 0.18-a0-1390-gc02854d (webtiles) character file.

28 WhatsThis the Ruffian (level 3, -5/33 HPs)
             Began as a Ghoul Monk on Feb 22, 2016.
             Slain by a worm (7 damage)
             ... on level 2 of the Dungeon.
             The game lasted 00:12:39 (1102 turns).

WhatsThis the Ruffian (Ghoul Monk)                  Turns: 1102, Time: 00:12:40

Health: -5/33      AC:  3    Str: 15    XL:     3   Next: 14%
Magic:  2/2        EV: 12    Int:  5    God:
Gold:   53         SH:  0    Dex: 11    Spells: 0 memorised, 2 levels left

rFire  . . .     SeeInvis .     t - +0 dagger
rCold  + . .     Gourm    .     a - +1 robe
rNeg   + + +     Faith    .     (no shield)
rPois  ∞         Spirit   .     (no helmet)
rElec  .         Dismiss  .     (no cloak)
rCorr  .         Reflect  .     (no gloves)
SustAt .         Harm     .     (no boots)
MR     .....                    (no amulet)
Stlth  ++........               (no ring)
                                (no ring)

@: rotting, not resistant to hostile enchantments, unstealthy
A: rotting body, claws 1, carnivore 3, cold resistance 1, negative energy
resistance 3, slow regeneration 1, torment resistance, unbreathing
a: no special abilities


You were on level 2 of the Dungeon.
You were not hungry.

You visited 1 branch of the dungeon, and saw 2 of its levels.

You collected 53 gold pieces.

Inventory:

Hand Weapons
 l - a +0 short sword
 m - a +0 hand axe
 n - a +0 short sword
 o - a +0 club
 p - a +0 hunting sling
 t - a +0 dagger (weapon)
 v - a +0 whip
 x - a +0 club
Missiles
 d - 4 stones (quivered)
 e - 6 javelins of penetration
 f - 8 sling bullets
 h - 13 arrows
 q - 26 bolts
Armour
 a - a +1 robe (worn)
 w - a +0 buckler
 y - a +0 leather armour
Scrolls
 i - a scroll of noise
 j - a scroll of enchant armour
Potions
 c - 2 potions of resistance {unknown}
 k - a potion of might {unknown}
 r - a potion of berserk rage {unknown}
 s - a potion of degeneration {unknown}
 B - a potion of agility {unknown}
Books
 g - a book of Dreams

   Spells                             Type                      Level
   a - Ensorcelled Hibernation        Hexes/Ice                    2
   b - Silence                        Hexes/Air                    5
   c - Darkness                       Hexes                        6
   d - Mass Confusion                 Hexes                        6
   e - Shadow Creatures               Summoning                    6
Comestibles
 b - a meat ration
 u - a royal jelly
 z - a slice of pizza
 A - 3 chunks of flesh


   Skills:
 + Level 3.8 Fighting
 + Level 2.9 Dodging
 + Level 2.4 Stealth
 + Level 4.7 Unarmed Combat


You had 2 spell levels left.
You didn't know any spells.

Dungeon Overview and Level Annotations

Branches:
Dungeon (2/15)

Altars:


Innate Abilities, Weirdness & Mutations

Your body is rotting away.
You thrive on raw meat.
You are immune to poison.
You have sharp fingernails.
You are carnivorous and can eat meat at any time.
Your flesh is cold resistant.
You are immune to negative energy.
You regenerate slowly when monsters are visible.
You are immune to unholy pain and torment.
You can survive without breathing.


Message History

The worm barely misses you.
You hit the worm.
The worm is moderately wounded.
You hit the worm.
The worm is heavily wounded.
The worm barely misses you.
You hit the worm.
The worm is heavily wounded.
The worm barely misses you.
You hit the worm but do no damage.
The worm is heavily wounded.
You hit the worm but do no damage.
The worm is heavily wounded.
The worm bites you but does no damage.
You barely miss the worm.
The worm is heavily wounded.
You barely miss the worm.
The worm is heavily wounded.
The worm bites you!
You die...

####'#...........................
..........<......#.########.#####
.........####.#....# #.#....
..............###### #...###
........#######...## #####
........## ##.....## .........#
#...[...# .......#.# #...w...#
########.## #...@...# #..#
##.....## ##.# ##...##
#.######'###### #..##...........
##.##........... #.##...........
#....##+####### ##.###


You could see a worm.

Vanquished Creatures
  An ooze (D:1)
  A giant gecko (D:2)
  2 giant cockroaches (D:1)
  A goblin (D:1)
  3 hobgoblins (D:1)
  A quokka (D:2)
  3 bats (D:1)
  3 giant newts (D:1)
  5 kobolds (D:1)
  4 rats (D:1)
24 creatures vanquished.

Notes
Turn   | Place    | Note
--------------------------------------------------------------
     0 | D:1      | WhatsThis the Ghoul Monk began the quest for the Orb.
     0 | D:1      | Reached XP level 1. HP: 19/19 MP: 0/0
   129 | D:1      | Reached XP level 2. HP: 26/26 MP: 1/1
   625 | D:1      | Reached XP level 3. HP: 33/33 MP: 2/2
  1093 | D:2      | HP: 1/33 [worm (9)]
  1102 | D:2      | Slain by a worm

Vault maps used:
D:1:      dpeg_arrival_connections
D:2:      kennysheep_six_static_rooms, first_bread, uniq_natasha

Action                   || total
-------------------------++-------
Melee: Unarmed           ||    53
       Dagger            ||    31
Throw: Stone             ||     1
  Use: Scroll            ||     3
 Stab: Sleeping          ||     4
  Eat: Chunk             ||     5
